 Dungeon Crawl Stone Soup version 0.21-a0-442-g848f44b (webtiles) character file.

6001 4thArraOfDagon the Severer (level 10, 0/83 (84) HPs)
             Began as a Deep Dwarf Berserker on Nov 15, 2017.
             Was a Priest of Trog.
             Killed by divine providence
             ... invoked by an orc priest
              (12 damage)
             ... on level 11 of the Dungeon.
             The game lasted 00:13:59 (2301 turns).

4thArraOfDagon the Severer (Deep Dwarf Berserker)   Turns: 2301, Time: 00:13:59

HP:   0/83 (84)     AC: 17    Str: 25    XL:     10   Next: 55%
MP:   10/10         EV:  8    Int:  7    God:    Trog [***...]
Gold: 291           SH:  3    Dex: 12    Spells: 9/9 levels left

rFire    + . .     SeeInvis .   a - +1 hand axe
rCold    x . .     Gourm    .   (no shield)
rNeg     . . .     Faith    .   n - +0 plate armour
rPois    .         Spirit   .   (no helmet)
rElec    .         Reflect  +   o - +0 cloak (curse)
rCorr    .         Harm     .   h - +2 pair of gloves
MR       +++..     Rnd*Tele +   (no boots)
Stlth    ..........             m - +3 amulet of reflection
HPRegen  1.00/turn              d - ring of teleportation (curse)
MPRegen  0.12/turn              y - ring "Agas" {Fire +Blink +Fly}

@: berserk cooldown, non-regenerating, slowed, very slow
A: damage resistance, heal wounds, sense surroundings 2, no regeneration
a: Heal Wounds, Berserk, Trog's Hand, Burn Spellbooks, Renounce Religion, Evoke
Blink, Evoke Flight


You were on level 11 of the Dungeon.
You worshipped Trog.
Trog was most pleased with you.
You were not hungry.

You visited 1 branch of the dungeon, and saw 9 of its levels.

You collected 291 gold pieces.

Inventory:

Hand Weapons
 a - a +1 hand axe (weapon)
Armour
 b - a +0 animal skin
 e - a +0 chain mail
 h - a +2 pair of gloves (worn)
 n - a +0 plate armour (worn)
 o - a cursed +0 cloak (worn)
Jewellery
 d - a cursed ring of teleportation (left hand)
 l - an uncursed ring of fire
 m - a +3 amulet of reflection (around neck)
 q - an uncursed amulet of guardian spirit
 y - the ring "Agas" (right hand) {Fire +Blink +Fly}
   (You found it on level 10 of the Dungeon)

   [ring of fire]

   It enhances your fire magic.
   It protects you from fire.
   It makes you vulnerable to cold.
   It lets you fly.
   It lets you blink.
Wands
 s - a wand of iceblast (4/15)
Potions
 c - a potion of ambrosia {unknown}
 i - 2 potions of heal wounds {unknown}
 j - a potion of magic
 k - a potion of degeneration
 t - a potion of curing
 v - a potion of lignification {unknown}
Books
 u - a book of Enchantments

   Spells                             Type                      Level
   a - Cause Fear                     Hexes                        4
   b - Yara's Violent Unravelling     Hexes/Transmutation          5
   c - Silence                        Hexes/Air                    5
   d - Deflect Missiles               Charms/Air                   6
   e - Discord                        Hexes                        8
   Trog disapproves of the use of such an item.
Comestibles
 f - 2 royal jellies
 g - 2 meat rations
 p - 4 bread rations
 r - 4 chunks of flesh


   Skills:
 - Level 3.1 Fighting
 * Level 15.5 Axes
 - Level 6.3 Armour
 - Level 2.4 Dodging


You had 9 spell levels left.
You didn't know any spells.

Dungeon Overview and Level Annotations

Branches:
Dungeon (11/15)            Temple (0/1) D:5             Orc (0/2) D:11
   Lair: D:8-11

Altars:
Cheibriados
Wu Jian
The Shining One

Shops:
D:10 (

Annotations:
D:3 Terence
D:11 Autsider's ghost, journeyman GrEE


Innate Abilities, Weirdness & Mutations

You are resistant to damage.
You can heal yourself by infusing magical energy.
You passively map the area around you.
You do not regenerate.


Message History

Unknown command.
The orc hits you but does no damage.
Unknown command.
Unknown command.
Unknown command.
Eat one of 6 chunks of flesh? (ye/n/q)
You eat one of the 6 chunks of flesh.
This raw flesh tastes terrible.
You are feeling hungry.
The orc hits you but does no damage. The orc closely misses you.
Unknown command.
Eat one of 5 chunks of flesh? (ye/n/q)
You eat one of the 5 chunks of flesh.
This raw flesh tastes terrible.
You block the orc's attack. The orc hits you but does no damage.
The orc barely misses you.
Unknown command.
Okay, then.
You completely miss the orc.
The orc priest mumbles some strange prayers to Beogh against you.
Beogh smites you!
You die...

############# *
##...........# .
............# ..
............# ,, *...
#..........#
,..(.##..........# ,
...(..(..##@....###* *
......)).##o....... ,
,.......((.oo......##
**
......)))..........., ,
, ,,
...........##......,
,,, ,
,,>..........##...... ,
,,...............##..,*
, ...............# ...
, *##........##...## ..
***


You could see an orc priest and 2 orcs.

Vanquished Creatures
  The ghost of Gildeon the Severer, a journeyman MiFi of Qazlal (D:11)
  2 unseen horrors
  Pikel (D:5)
  Joseph (D:7)
  2 centaur skeletons
  A gargoyle (D:11)
  3 hippogriffs (D:11)
  A spriggan (D:10)
  A hungry ghost (D:11)
  Edmund (D:6)
  A slave (D:5)
  A necrophage (D:10)
  6 orc warriors
  A hornet zombie (D:11)
  A sky beast (D:6)
  2 centaurs
  2 bullfrogs
  A wyvern zombie (D:6)
  A crimson imp (D:11)
  A quasit (D:10)
  A hound (D:11)
  Crazy Yiuf (D:6)
  4 orc priests
  4 orc wizards
  2 worker ants (D:11)
  A gnoll (D:1)
  6 adders
  2 shadow imps
  An adder zombie (D:6)
  3 dart slugs
  2 leopard geckos
  23 orcs
  5 bats
  3 giant cockroaches
  6 hobgoblins
  7 jackals
  4 kobolds
  A quokka (D:3)
  A ball python (D:3)
  6 frilled lizards
  3 goblins
  4 rats
121 creatures vanquished.

Vanquished Creatures (others)
  An ogre (D:10)
  An adder (D:10)
2 creatures vanquished.

Grand Total: 123 creatures vanquished

Notes
Turn   | Place    | Note
-------+----------+-------------------------------------------
     0 | D:1      | 4thArraOfDagon the Deep Dwarf Berserker began the quest for the Orb.
     0 | D:1      | Reached XP level 1. HP: 20/20 MP: 1/1
    75 | D:1      | Reached XP level 2. HP: 24/27 MP: 2/2
   194 | D:1      | 4thArraOfDagon: horror
   412 | D:1      | Reached XP level 3. HP: 30/34 MP: 3/3
   412 | D:1      | Reached skill level 4 in Axes
   429 | D:1      | WHY
   439 | D:1      | had to map d:1
   439 | D:1      | how pathetic
   522 | D:2      | Found an ornate altar of the Wu Jian Council.
   531 | D:2      | Reached ** piety under Trog
   668 | D:3      | Reached XP level 4. HP: 42/42 MP: 4/4
   709 | D:3      | Noticed Terence
   795 | D:3      | Reached skill level 5 in Axes
   827 | D:5      | Entered Level 5 of the Dungeon
   843 | D:5      | Found a snail-covered altar of Cheibriados.
   853 | D:5      | Noticed a slave
   854 | D:5      | Noticed Pikel
   854 | D:5      | Noticed a slave
   854 | D:5      | Noticed a phantom
   854 | D:5      | Noticed a slave
   857 | D:5      | Noticed a slave
   870 | D:5      | Killed a slave
   871 | D:5      | Killed Pikel
   871 | D:5      | Reached skill level 7 in Axes
   871 | D:5      | Reached skill level 5 in Armour
   871 | D:5      | Reached XP level 5. HP: 46/49 MP: 5/5
   871 | D:5      | Reached XP level 6. HP: 53/56 MP: 6/6
   871 | D:5      | Reached XP level 7. HP: 59/62 MP: 7/7
   883 | D:5      | Found a staircase to the Ecumenical Temple.
   936 | D:6      | Found a runed door.
   965 | D:6      | Noticed Crazy Yiuf
   975 | D:6      | Killed Crazy Yiuf
  1019 | D:6      | Reached skill level 8 in Axes
  1164 | D:6      | Noticed Edmund
  1175 | D:6      | Killed Edmund
  1175 | D:6      | Reached XP level 8. HP: 69/69 MP: 4/8
  1269 | D:6      | Reached skill level 9 in Axes
  1288 | D:5      | Found a glowing golden altar of the Shining One.
  1407 | D:7      | Noticed Joseph
  1425 | D:7      | Killed Joseph
  1425 | D:7      | Reached skill level 10 in Axes
  1535 | D:7      | You fall through a shaft for 3 floors!
  1535 | D:10     | Entered Level 10 of the Dungeon
  1620 | D:10     | Killed an unseen horror
  1620 | D:10     | Reached skill level 11 in Axes
  1620 | D:10     | Gained mutation: You passively map the area around you. [Deep Dwarf growth]
  1620 | D:10     | Reached XP level 9. HP: 35/74 MP: 9/9
  1737 | D:10     | Found Voje's Antique Weapon Boutique.
  1764 | D:10     | Reached skill level 12 in Axes
  1823 | D:10     | Reached *** piety under Trog
  1899 | D:10     | Got a pitted lead ring
  1900 | D:10     | Identified the ring "Agas" {Fire +Blink +Fly} (You found it on level 10 of the Dungeon)
  1949 | D:11     | Killed an unseen horror
  1949 | D:11     | Reached skill level 13 in Axes
  2022 | D:11     | Reached skill level 14 in Axes
  2062 | D:11     | Noticed Autsider's ghost (journeyman GrEE)
  2095 | D:11     | Noticed a gargoyle
  2116 | D:11     | Killed a gargoyle
  2116 | D:11     | Reached XP level 10. HP: 83/83 MP: 10/10
  2255 | D:11     | Found a staircase to the Orcish Mines.
  2255 | D:11     | Noticed Gildeon's ghost (journeyman MiFi)
  2276 | D:11     | Reached skill level 15 in Axes
  2278 | D:11     | Reached **** piety under Trog
  2289 | D:11     | HP: 5/124 [Gildeon's ghost (9)]
  2292 | D:11     | Killed Gildeon's ghost
  2301 | D:11     | Killed from afar by an orc priest

Vault maps used:
D:1:      minmay_arrival_cross, amethyst_killhole, minmay_tiny_reverse_x
D:2:      gammafunk_temple_overflow_statue, old_standard_altar, first_bread,
          minmay_gold_behind_fungi, serial_park_tiny_1
D:3:      uniq_sigmund, uniq_terence
D:5:      overflow_temple_1_default, kennysheep_mini, tso_altar,
          minmay_temple_entry_junction_2, basic_altar, uniq_ijyb, uniq_pikel,
          uniq_grinder
D:6:      uniq_crazy_yiuf_cottage, uniq_edmund
D:7:      nicolae_ru_awakened_eye, led_sif_pool, uniq_joseph
D:10:     serial_shops, shop, hangedman_stone_soup
D:11:     erik_orc_4, roderic_roman_lattice

Skill      XL: |  1  2  3  4  5  6  7  8  9 10 |
---------------+-------------------------------+-----
Fighting       | 3 |  3.1
Axes           | 4 7 8 11 14 15 | 15.5
Armour         | 3 5 6 |  6.3
Dodging        | |  2.4

Action                   |  1- 3 |  4- 6 |  7- 9 | 10-12 || total
-------------------------+-------+-------+-------+-------++-------
Melee: Hand axe          |   120 |    50 |   236 |    74 ||   480
Invok: Berserk           |     4 |     1 |    11 |     2 ||    18
       Trog's Hand       |     1 |     1 |     5 |     2 ||     9
Evoke: Wand              |       |       |     5 |       ||     5
  Use: Scroll            |     2 |     1 |     7 |       ||    10
  Eat: Chunk             |     3 |     1 |    13 |     5 ||    22
       Bread ration      |       |       |     1 |       ||     1
       Royal jelly       |       |       |     1 |       ||     1
       Fruit             |       |       |     1 |       ||     1
Armor: Chain mail        |    77 |    48 |    30 |       ||   155
       Plate armour      |       |       |   137 |    43 ||   180
Dodge: Dodged            |    51 |    31 |    83 |    40 ||   205
Block: Other             |       |     3 |    30 |     6 ||    39
       Reflection        |       |       |     2 |       ||     2

Table legend:
 A = Spawn XP
 B = Non-spawn XP
 C = Spawn XP percentage of total XP
 D = Spawn monster count
 E = Non-spawn monster count
 F = Spawn count percentage of total count
 G = Total turns spent on level
                    A         B        C        D         E        F      G
               +---------+---------+-------+---------+---------+-------+---------
         Total |       0 |    8573 |   0.0 |       0 |     120 |   0.0 |  2301
               +---------+---------+-------+---------+---------+-------+---------
           D:1 |       0 |      47 |   0.0 |       0 |      19 |   0.0 |   460
           D:2 |       0 |      22 |   0.0 |       0 |       6 |   0.0 |   123
           D:3 |       0 |     104 |   0.0 |       0 |      21 |   0.0 |   214
           D:4 |       0 |       1 |   0.0 |       0 |       1 |   0.0 |    30
           D:5 |       0 |     651 |   0.0 |       0 |       1 |   0.0 |    99
           D:6 |       0 |     830 |   0.0 |       0 |      19 |   0.0 |   404
           D:7 |       0 |     450 |   0.0 |       0 |       1 |   0.0 |   205
          D:10 |       0 |    1799 |   0.0 |       0 |      11 |   0.0 |   345
          D:11 |       0 |    4669 |   0.0 |       0 |      41 |   0.0 |   421
               +---------+---------+-------+---------+---------+-------+---------
